AoeStats
← DZT_白霜魔头

African Clearing

510656868Analyzed
4v4 RM · 6h ago on Oct 2, 2026· 20m 52s· 8 players
Game mode
Random Map
Map size
Large (8 player)
Population
200
Speed
Normal
Resources
Standard
Victory
Conquest
Starting age
Dark Age
Ending age
Imperial Age
RankedLock teamsTeams togetherTeam positionsShared explorationLock speedFull tech treeHidden civsTurbo modeCheats
Victory
Defeat
🇨🇳 Cumans · China
1799
+8
🇨🇳 Varangians · China
1554
+17
🇲🇽 Khitans · Mexico
1507
+19
🇲🇽 Berbers · Mexico
1478
+19
🇦🇷 Mongols · Argentina
1646
-19
🇦🇷 Chinese · Argentina
1613
-17
🇦🇷 Berbers · Argentina
1575
-16
🇦🇷 Varangians · Argentina
1467
-11
enzoyin68
10:56 Loom
12:57 Feudal Age
13:49 Double-Bit Axe
16:39 Castle Age
14:55 Horse Collar
16:12 Wheelbarrow
15:34 Stone Mining
17:36 Bow Saw
17:33 Heavy Plow
20:00 Forging
JR | cristopher7gc
9:05 Loom
16:44 Feudal Age
21:29 Wheelbarrow
DZT_白霜魔头
5:39 Loom
20:23 Feudal Age
20:56 Town Watch
20:58 Double-Bit Axe
20:57 Horse Collar
Mike
9:17 Loom
11:52 Feudal Age
13:00 Double-Bit Axe
15:06 Forging
15:42 Scale Barding Armor
17:33 Domestication
__24_Thorfin_Arg
5:59 Loom
12:59 Feudal Age
17:10 Castle Age
15:13 Double-Bit Axe
_13_Enzus_Arg
7:32 Loom
__92_Deimos_Arg
7:39 Loom
12:55 Feudal Age
13:57 Double-Bit Axe
15:02 Fletching
Revvv
3:34 Loom
12:19 Feudal Age
17:27 Castle Age
16:01 Fletching
16:30 Double-Bit Axe
18:17 Bodkin Arrow
18:32 Husbandry
18:46 Bow Saw
Connection lost

Rejoining the realm…

Still unreachable

The connection could not be restored.

Session expired

The server has moved on; the page needs a fresh start.